 Dungeon Crawl Stone Soup version 0.31-a0-986-g5e6e4ef867 (webtiles) character file.

Game seed: 6966776426210119519

79 promet the Trooper (level 4, -6/48 (49) HPs)
             Began as an Ogre Monk on Nov 4, 2023.
             Mangled by Crazy Yiuf
             ... wielding a +4 quarterstaff of chaos
              (12 damage)
             ... on level 2 of the Dungeon.
             The game lasted 00:04:39 (1758 turns).

promet the Trooper (Ogre Monk)                      Turns: 1758, Time: 00:04:41

HP:   -6/48 (49)    AC:  3    Str: 15    XL:     4   Next: 38%
MP:   4/4           EV: 10    Int: 13    God:
Gold: 112           SH:  0    Dex: 11    Spells: 3/3 levels left

rFire   . .          .
                       - Unarmed
rCold   . . .        c - orb {light}
rNeg    . . .        a - +0 robe
rPois   .            (helmet restricted)
rElec   .            (no cloak)
rCorr   .            (gloves unavailable)
SInv    .            (boots unavailable)
Will    .....        (no amulet)
Stlth   +            i - ring of wizardry
HPRegen 0.28/turn    (no ring)
MPRegen 0.09/turn

%: wizardry (x1)
@: mighty, lethally poisoned (-6 -> -17), glowing, lightly drained
A: large, unfitting armour, tough skin 1
a: no special abilities


You were on level 2 of the Dungeon.
You visited 1 branch of the dungeon, and saw 2 of its levels.

You collected 112 gold pieces.

Inventory:

Hand Weapons
 e - a +1 dagger of venom
Missiles
 f - 8 stones
Armour
 a - a +0 robe (worn)
 c - an orb of light (worn)
Jewellery
 i - a ring of wizardry (left hand)
Scrolls
 g - a scroll of immolation {unknown}
 h - a scroll of acquirement {unknown}


   Skills:
 * Level 4.5 Fighting
 + Level 3.0 Dodging
 * Level 4.1 Unarmed Combat


You had 3 spell levels left.
You didn't know any spells.
Your spell library contained the following spells:

 Spells                   Type           Power      Damage    Failure   Level
 Apportation              Tloc           0%         N/A       12%         1
 Jinxbite                 Hex            0%         N/A       19%         2
 Alistair's Intoxication  Tmut/Pois      0%         N/A       96%         5


Dungeon Overview and Level Annotations

Branches:
Dungeon (2/15)

Altars:

Annotations:
D:2 Crazy Yiuf


Innate Abilities, Weirdness & Mutations

You are too large for most types of armour.
You have tough skin. (AC +1)


Message History

Found a hammer.
Found a runed translucent door.
Crazy Yiuf shouts!
You are confused.
You feel invigorated.
Crazy Yiuf says, "Spliff ladder hog!"
You bump into the stone wall.
You feel less invigorated.
You feel less confused.
You open the door. You hit Crazy Yiuf.
Crazy Yiuf is moderately wounded.
Crazy Yiuf hits you with a +4 quarterstaff of chaos.
You feel drained.
You barely miss Crazy Yiuf.
Crazy Yiuf is moderately wounded.
Crazy Yiuf hits you with a +4 quarterstaff of chaos!
Crazy Yiuf burns you.
You hit Crazy Yiuf but do no damage.
Crazy Yiuf is moderately wounded.
Crazy Yiuf barely misses you.
You barely miss Crazy Yiuf.
Crazy Yiuf is moderately wounded.
Crazy Yiuf hits you with a +4 quarterstaff of chaos.
Crazy Yiuf draws strength from your wounds!
You barely miss Crazy Yiuf.
Crazy Yiuf is lightly wounded.
Crazy Yiuf yells, "Ice!"
Crazy Yiuf hits you with a +4 quarterstaff of chaos!
You are confused.
You bump into the tree.
You feel less confused.
Crazy Yiuf hits you with a +4 quarterstaff of chaos!
* * * LOW HITPOINT WARNING * * *
You are lethally poisoned!
It was a potion of might.
You feel very mighty all of a sudden.
* * * LOW HITPOINT WARNING * * *
You feel very sick.
Crazy Yiuf says, "Fluff senile toodlewoodle!"
Crazy Yiuf hits you with a +4 quarterstaff of chaos!
You die...

#####
#..)#
#...# ...
#g# ♣♣@♣
♣.♣♣ ♣♣.♣
♣.♣♣
♣♣.♣♣
♣...♣♣
♣....♣
##..##
#....#
#########


You could see Crazy Yiuf.

Vanquished Creatures
  4 adders (D:2)
  A gnoll (D:1)
  7 endoplasms
  4 goblins
  A hobgoblin (D:1)
  5 quokkas
  3 ball pythons (D:1)
  3 bats (D:1)
  A frilled lizard (D:2)
  2 kobolds (D:2)
  A rat (D:1)
32 creatures vanquished.

Notes
Turn   | Place    | Note
-------+----------+-------------------------------------------
     0 | D:1      | promet the Ogre Monk began the quest for the Orb.
     0 | D:1      | Reached XP level 1. HP: 24/24 MP: 1/1
   260 | D:1      | Reached XP level 2. HP: 32/32 MP: 2/2
   511 | D:1      | Reached XP level 3. HP: 40/40 MP: 3/3
  1618 | D:2      | Reached XP level 4. HP: 46/49 MP: 4/4
  1743 | D:2      | Found a runed translucent door.
  1744 | D:2      | Noticed Crazy Yiuf
  1758 | D:2      | Mangled by Crazy Yiuf

Illustrated notes

Levels and vault maps discovered:
D:1:      tarquinn_simple_flora_water_a, layout_basic, grunt_decor_junction
D:2:      layout_loops_cross, basic_altar, serial_shops, shop, minmay_3d_cube,
          uniq_crazy_yiuf_cottage

Skill      XL: |  1  2  3  4 |
---------------+-------------+-----
Unarmed Combat | 3 4 |  4.1
Dodging        | 3 |  3.0
Fighting       | |  4.5

Action                     |  1- 3 |  4- 6 || total
---------------------------+-------+-------++-------
  Melee: Unarmed           |    83 |    30 ||   113
    Use: Potion            |       |     2 ||     2
 Armour: Robe              |    55 |    16 ||    71
  Dodge: Dodged            |    33 |    12 ||    45

Table legend: (Time is in decaauts)
 A = Elapsed time spent in this place.
 B = Non-inter-level travel time spent in this place.
 C = Inter-level travel time spent in this place.
 D = Time resting spent in this place.
 E = Time spent auto-exploring this place.
 F = Levels seen in this place.
 G = Mean time per level.
                   A        B        C        D        E       F      G
               +--------+--------+--------+--------+--------+-----+--------+
         Total |   1748 |   1730 |     18 |    642 |    391 |   2 |  874.0 |
       Dungeon |   1748 |   1730 |     18 |    642 |    391 |   2 |  874.0 |
               +--------+--------+--------+--------+--------+-----+--------+

Top non-repeatable levels by time:
     D:1: 1083 daAuts
     D:2: 665 daAuts
